 Dungeon Crawl Stone Soup version 0.29-a0-451-gfbfa42419e (webtiles) character file.

Game seed: 17917962360461151648

623 jlumianski the Chopper (level 7, -4/53 HPs)
             Began as a Demonspawn Fighter on May 19, 2022.
             Was an Initiate of Wu Jian.
             Slain by a wyvern (5 damage)
             ... in the Ecumenical Temple.
             The game lasted 00:12:23 (3503 turns).

jlumianski the Chopper (Demonspawn Fighter)         Turns: 3503, Time: 00:12:24

Health: -4/53      AC: 13    Str: 18    XL:     7   Next: 22%
Magic:  7/7        EV:  9    Int: 10    God:    Wu Jian [......]
Gold:   88         SH:  5    Dex: 12    Spells: 6/6 levels left

rFire   . . .      SeeInvis .   a - +0 war axe
rCold   . . .      Faith    .   c - +0 buckler
rNeg    . . .      Spirit   .   b - +0 scale mail
rPois   .          Reflect  .   (no helmet)
rElec   .          Harm     .   (no cloak)
rCorr   .          Rampage  .   j - +2 pair of gloves
Will    .....                   (no boots)
Stlth   ..........              (no amulet)
HPRegen 0.17/turn               (no ring)
MPRegen 0.10/turn               (no ring)

@: invisible
A: molten scales 2, foul stench 2, weakness stinger 1
a: Renounce Religion


You were in the Ecumenical Temple.
You worshipped Wu Jian.
Wu Jian was noncommittal.
You visited 2 branches of the dungeon, and saw 5 of its levels.

You collected 88 gold pieces.

Inventory:

Hand Weapons
 a - a +0 war axe (weapon)
 f - a +2 whip of freezing
Missiles
 g - 4 datura-tipped darts
 h - 80 stones (quivered)
 i - 5 atropa-tipped darts
Armour
 b - a +0 scale mail (worn)
 c - a +0 buckler (worn)
 j - a +2 pair of gloves (worn)
Jewellery
 l - a +6 ring of dexterity
Wands
 n - a wand of polymorph (14)
Potions
 d - a potion of might
 e - a potion of brilliance
 m - a potion of berserk rage {unknown}


   Skills:
 + Level 3.7 Fighting
 + Level 4.7 Axes
 + Level 0.6 Throwing
 + Level 4.3 Armour
 + Level 1.5 Dodging
 + Level 0.7 Stealth
 + Level 3.9 Shields
 + Level 0.8 Evocations


You had 6 spell levels left.
You didn't know any spells.
Your spell library contained the following spells:

 Spells                   Type           Power      Damage    Failure   Level
 Ensorcelled Hibernation  Hex/Ice        0%         N/A       92%         2
 Spider Form              Tmut/Pois      0%         N/A       99%         3
 Anguish                  Hex/Necr       0%         N/A       100%        4
 Summon Ice Beast         Ice/Summ       0%         N/A       100%        4
 Summon Mana Viper        Hex/Summ       0%         N/A       100%        5
 Monstrous Menagerie      Summ           0%         N/A       100%        7


Dungeon Overview and Level Annotations

Branches:
Dungeon (4/15)             Temple (1/1) D:4

Altars:
Ashenzari
Elyvilon
Trog
Wu Jian
Yredelemnul


Innate Abilities, Weirdness & Mutations

You are mostly covered in molten scales. (AC +3)
You sometimes emit foul miasma when damaged in melee.
You have a small tail.


Message History

You emit a cloud of foul miasma!
The ball python bites you but does no damage.
The ball python grabs you. The ball python constricts you.
The wyvern is engulfed in dark miasma.
The wyvern is poisoned.
The wyvern seems to slow down.
You block the wyvern's attack.
You hit the ball python.
You kill the ball python!
The Council accepts your kill.
You completely miss the wyvern.
The wyvern is engulfed in dark miasma.
The wyvern looks even sicker.
The wyvern seems to slow down.
The wyvern bites you!
You hit the wyvern but do no damage.
The wyvern is lightly wounded.
The wyvern is engulfed in dark miasma.
The wyvern looks even sicker.
You block the wyvern's attack.
You barely miss the wyvern.
The wyvern is moderately wounded.
The wyvern is engulfed in dark miasma.
The wyvern looks as sick as possible!
The wyvern seems to slow down.
The wyvern bites you!
* * * LOW HITPOINT WARNING * * *
The wyvern is engulfed in dark miasma.
The wyvern looks as sick as possible!
The wyvern bites you but does no damage.
Okay, then.
You completely miss the wyvern.
The wyvern is heavily wounded.
The wyvern bites you but does no damage.
You closely miss the wyvern.
The wyvern is severely wounded.
The wyvern bites you but does no damage.
You block the wyvern's attack.
You hit the wyvern.
Your tail-slap misses the wyvern.
The wyvern is almost dead.
The wyvern bites you!
* * * LOW HITPOINT WARNING * * *
Okay, then.
Unknown command.
You aren't carrying any scrolls.
You fade into invisibility!
The wyvern bites you.
You die...

#....._............._
#....................
#..._................
#....................
##...................
##....................
.##............l†.......
.#..............@.......
.#..._..................
.#......................
.#....._................
.#......................
.##.....................
..##....................
.. #####................
. #................


You could see a wyvern (can't see you, very poisoned, slow).

Vanquished Creatures
  Pikel (D:3)
  A lemure (D:3)
  Ijyb (D:4)
  An orc wizard (D:3)
  6 adders
  2 dart slugs
  2 orcs (D:3)
  5 ball pythons
  4 endoplasms
  A giant cockroach (D:2)
  6 goblins
  3 hobgoblins
  6 jackals
  8 quokkas
  4 bats
  4 frilled lizards
  8 kobolds
  4 rats
67 creatures vanquished.

Notes
Turn   | Place    | Note
-------+----------+-------------------------------------------
     0 | D:1      | jlumianski the Demonspawn Fighter began the quest for the
                  | Orb.
     0 | D:1      | Reached XP level 1. HP: 18/18 MP: 1/1
   288 | D:1      | Gained mutation: You may rarely emit foul miasma when
                  | damaged in melee. [demonic ancestry]
   288 | D:1      | Reached XP level 2. HP: 24/24 MP: 2/2
   496 | D:1      | Found a faded altar of an unknown god.
   725 | D:2      | Gained mutation: You are partially covered in molten
                  | scales. (AC +2) [demonic ancestry]
   725 | D:2      | Reached XP level 3. HP: 29/29 MP: 3/3
  1499 | D:3      | Reached XP level 4. HP: 35/35 MP: 4/4
  2879 | D:3      | Gained mutation: You have a small tail. [demonic ancestry]
  2879 | D:3      | Reached XP level 5. HP: 40/41 MP: 5/5
  2913 | D:4      | Noticed a lemure
  2945 | D:3      | Killed a lemure
  3076 | D:4      | Noticed Pikel
  3078 | D:4      | Noticed a lemure
  3080 | D:4      | Noticed a lemure
  3092 | D:3      | HP: 2/41 [Pikel/+2 whip of freezing (5)]
  3099 | D:3      | Killed Pikel
  3100 | D:3      | Reached skill level 1 in Dodging
  3100 | D:3      | Gained mutation: You sometimes emit foul miasma when
                  | damaged in melee. [demonic ancestry]
  3100 | D:3      | Reached XP level 6. HP: 8/48 MP: 6/6
  3100 | D:3      | Gained mutation: You are mostly covered in molten scales.
                  | (AC +3) [demonic ancestry]
  3100 | D:3      | Reached XP level 7. HP: 9/53 MP: 7/7
  3426 | D:4      | Noticed Ijyb
  3448 | D:4      | Killed Ijyb
  3456 | D:4      | Found a staircase to the Ecumenical Temple.
  3464 | D:4      | Noticed a wyvern
  3465 | Temple   | Entered the Ecumenical Temple
  3478 | Temple   | Became a worshipper of the Wu Jian Council
  3502 | Temple   | HP: 1/53 [wyvern (11)]
  3503 | Temple   | Slain by a wyvern

Illustrated notes

Levels and vault maps discovered:
D:1:      roderic_crossed_star, layout_rooms, nicolae_ecumenical_lake_church
D:2:      layout_basic
D:3:      layout_basic, portal_sewer_entry_f
D:4:      layout_rooms, minmay_temple_entry_ruins, uniq_blork_the_orc,
          uniq_pikel, uniq_ijyb
Temple:   nicolae_temple_great_sept

Skill      XL: |  1  2  3  4  5 |
---------------+----------------+-----
Axes           | 2 3 4 |  4.7
Shields        | 3 |  3.9
Armour         | 3 4 |  4.3
Dodging        | 1 |  1.5
Fighting       | |  3.7
Throwing       | |  0.6
Stealth        | |  0.7
Evocations     | |  0.8

Action                   |  1- 3 |  4- 6 |  7- 9 || total
-------------------------+-------+-------+-------++-------
Melee: War axe           |   105 |    78 |    29 ||   212
       Tailslap          |       |     3 |     1 ||     4
Throw: Stone             |     2 |     2 |       ||     4
       Dart              |       |     4 |       ||     4
Evoke: Wand              |       |     4 |       ||     4
  Use: Scroll            |     5 |     1 |     2 ||     8
       Potion            |       |     2 |     1 ||     3
Armor: Scale mail        |    58 |    61 |     6 ||   125
       Skin              |       |       |    12 ||    12
Dodge: Dodged            |    67 |    42 |    10 ||   119
Block: Buckler           |    28 |    26 |    13 ||    67

Table legend: (Time is in decaauts)
 A = Elapsed time spent in this place.
 B = Non-inter-level travel time spent in this place.
 C = Inter-level travel time spent in this place.
 D = Time resting spent in this place.
 E = Time spent auto-exploring this place.
 F = Levels seen in this place.
 G = Mean time per level.
                   A        B        C        D        E       F      G
               +--------+--------+--------+--------+--------+-----+--------+
         Total |   3606 |   3546 |     60 |    537 |   1847 |   5 |  721.2 |
       Dungeon |   3569 |   3509 |     60 |    537 |   1847 |   4 |  892.2 |
        Temple |     37 |     37 |      0 |      0 |      0 |   1 |   37.0 |
               +--------+--------+--------+--------+--------+-----+--------+

Top non-repeatable levels by time:
     D:3: 1723 daAuts
     D:2: 904 daAuts
     D:1: 684 daAuts
     D:4: 257 daAuts
  Temple: 37 daAuts
